 Dungeon Crawl Stone Soup version 0.30.0-20-g3615ddf2f0 (webtiles) character file.

Game seed: 5104677625747678439

144 qw the Chopper (level 5, 0/32 HPs)
             Began as a Gargoyle Fighter on May 29, 2023.
             Slain by a gnoll
             ... wielding a +0 flail
              (3 damage)
             ... on level 3 of the Dungeon.
             The game lasted 00:00:55 (1421 turns).

qw the Chopper (Gargoyle Fighter)                   Turns: 1421, Time: 00:00:56

Health: 0/32       AC: 13    Str: 21    XL:     5   Next: 26%
Magic:  5/5        EV:  7    Int:  9    God:
Gold:   41         SH:  9    Dex:  9    Spells: 4/4 levels left

rFire   . . .        Y - +0 war axe
rCold   . . .        c - +0 buckler
rNeg    + . .        f - +0 chain mail
rPois   inf          (no helmet)
rElec   +            (no cloak)
rCorr   .            (no gloves)
SInv    .            (no boots)
Will    .....        k - amulet of reflection Stlth
                     (no ring)
HPRegen 0.25/turn    (no ring)
MPRegen 0.09/turn

%: reflection
@: about to teleport
A: sickness immunity, AC +4, negative energy resistance 1, electricity
resistance, torment resistance 1, petrification resistance
a: no special abilities


You were on level 3 of the Dungeon.
You visited 1 branch of the dungeon, and saw 3 of its levels.

You collected 41 gold pieces.


Innate Abilities, Weirdness & Mutations

You are immune to sickness and miasma.
Your stone body is resilient. (AC +4)
You are immune to poison.
You resist negative energy. (rN+)
You are resistant to electric shocks. (rElec)
You are resistant to unholy torment.
You are immune to petrification.


   Skills:
 - Level 3.2 Fighting
 + Level 4.8 Axes
 - Level 3.2 Armour
 - Level 3.2 Shields


You had 4 spell levels left.
You didn't know any spells.
Your spell library was empty.

Inventory:

Hand Weapons
 a - a +0 mace
 Y - a +0 war axe (weapon)
Missiles
 e - a boomerang (quivered)
Armour
 c - a +0 buckler (worn)
 f - a +0 chain mail (worn)
Jewellery
 k - an amulet of reflection (around neck)
Scrolls
 b - a scroll of enchant weapon {unknown}
Potions
 d - a potion of might
 h - a potion of cancellation {unknown}
 l - 2 potions of lignification {unknown}

Dungeon Overview and Level Annotations

Branches:
Dungeon (3/15)

Altars:
Xom


Message History

You slash the gnoll! The gnoll barely misses you. You block the gnoll's attack.
You hit the gnoll but do no damage.
The gnoll is heavily wounded.
You barely miss the gnoll. The gnoll hits you but does no damage.
You block the gnoll's attack. The gnoll hits you with a +0 spear.
The gnoll hits you with a +1 flail of holy wrath.
You hit the gnoll.
The gnoll is almost dead.
You hit the gnoll.
A gnoll comes into view. It is wielding a +0 flail.
The gnoll hits you with a +0 spear.
The gnoll hits you with a +1 flail of holy wrath!
You hit the gnoll.
You kill the gnoll!
You slash the gnoll!
You kill the gnoll!
You barely miss the gnoll. The gnoll hits you but does no damage.
You hit the gnoll.
The gnoll is moderately wounded.
The gnoll barely misses you. x2
You hit the gnoll.
The gnoll is heavily wounded.
You hit the gnoll. The gnoll hits you with a +0 flail!
You block the gnoll's attack.
You closely miss the gnoll.
The gnoll is heavily wounded.
You hit the gnoll. The gnoll hits you with a +0 flail!
The gnoll hits you but does no damage.
1420 ||| READING scroll of teleportation.
As you read the scroll of teleportation, it crumbles to dust.
You feel strangely unstable. You block the gnoll's attack.
The gnoll hits you with a +0 flail.
You closely miss the gnoll.
The gnoll is heavily wounded.
You hit the gnoll. The gnoll hits you with a +0 flail.
You die...

. ### #. #.# #.# #. #.#
#.# .##. #.# #.#
.....###.#### #.#
#..g#....## #.#
#g@.....# #.#
######..###.###
#........# ##.####..####
######### #.## #.....##
#.......# #..# ##......
#....<..# ##.# ####....
#....<).#####.###.......
#.................######


You could see 2 gnolls.

Vanquished Creatures
  An orc priest (D:2)
  2 gnolls (D:3)
  4 adders
  A worm (D:2)
  3 dart slugs
  5 orcs
  3 bats
  3 endoplasms (D:1)
  A giant cockroach (D:2)
  5 goblins
  2 hobgoblins
  2 jackals (D:1)
  3 quokkas (D:1)
  2 ball pythons (D:2)
  3 kobolds
  5 rats
45 creatures vanquished.

Notes
Turn   | Place    | Note
-------+----------+-------------------------------------------
     0 | D:1      | qw the Gargoyle Fighter began the quest for the Orb.
     0 | D:1      | Reached XP level 1. HP: 14/14 MP: 1/1
     0 | D:1      | 0 ||| qw: Version: 0.2-a-101-gf424e7f
     0 | D:1      | 0 ||| qw: Game counter: 364
     0 | D:1      | 0 ||| qw: Always use a shield: true
     0 | D:1      | 0 ||| qw: God list: Okawaru
     0 | D:1      | 0 ||| qw: Allow faded altars: false
     0 | D:1      | 0 ||| qw: Do Orc after D:15 true
     0 | D:1      | 0 ||| qw: Do second Lair branch before Depths: true
     0 | D:1      | 0 ||| qw: Lair rune preference: random
     0 | D:1      | 0 ||| qw: Plans: Normal, Zot:1-4, Slime:5, God:TSO, Crypt,
                  | Tomb, Pan, Hells, Abyss, Win
     0 | D:1      | 0 ||| PLANNING D:1-11
    18 | D:1      | 18 ||| Stepping ~*~*~tactically~*~*~ (stealth).
    24 | D:1      | Reached skill level 2 in Axes
   193 | D:1      | Reached XP level 2. HP: 12/19 MP: 2/2
   451 | D:1      | 451 ||| Stepping ~*~*~tactically~*~*~ (hiding).
   452 | D:1      | 452 ||| Stepping ~*~*~tactically~*~*~ (hiding).
   598 | D:1      | Reached skill level 3 in Axes
   684 | D:1      | Reached XP level 3. HP: 19/23 MP: 3/3
   703 | D:1      | 703 ||| DROPPING orb of energy.
   704 | D:1      | 704 ||| READING scroll labelled GAOTAD IFUESMUU.
   705 | D:1      | 705 ||| READING scroll labelled ZUOJIT GATU.
   716 | D:2      | 716 ||| Stepping ~*~*~tactically~*~*~ (hiding).
   728 | D:2      | Reached XP level 4. HP: 13/28 MP: 4/4
   823 | D:2      | 823 ||| Stepping ~*~*~tactically~*~*~ (stealth).
   824 | D:2      | 824 ||| Stepping ~*~*~tactically~*~*~ (stealth).
   825 | D:2      | 825 ||| Stepping ~*~*~tactically~*~*~ (stealth).
   826 | D:2      | 826 ||| Stepping ~*~*~tactically~*~*~ (stealth).
   827 | D:2      | 827 ||| Stepping ~*~*~tactically~*~*~ (stealth).
   838 | D:2      | 838 ||| Stepping ~*~*~tactically~*~*~ (stealth).
   839 | D:2      | 839 ||| Stepping ~*~*~tactically~*~*~ (stealth).
   840 | D:2      | 840 ||| Stepping ~*~*~tactically~*~*~ (stealth).
   841 | D:2      | 841 ||| Stepping ~*~*~tactically~*~*~ (stealth).
   887 | D:2      | 887 ||| Stepping ~*~*~tactically~*~*~ (stealth).
   897 | D:2      | Reached skill level 4 in Axes
  1016 | D:2      | Found a shimmering altar of Xom.
  1052 | D:2      | 1052 ||| Stepping ~*~*~tactically~*~*~ (hiding).
  1053 | D:2      | 1053 ||| Stepping ~*~*~tactically~*~*~ (hiding).
  1054 | D:2      | 1054 ||| Stepping ~*~*~tactically~*~*~ (hiding).
  1252 | D:2      | 1252 ||| Stepping ~*~*~tactically~*~*~ (stealth).
  1292 | D:2      | 1292 ||| UPGRADING to +0 chain mail.
  1302 | D:2      | 1302 ||| DROPPING +0 scale mail.
  1303 | D:2      | 1303 ||| UPGRADING to amulet of reflection.
  1308 | D:2      | 1308 ||| READING 2 scrolls labelled KYPHEKK WUIJAUD.
  1313 | D:2      | 1313 ||| READING scroll labelled FEACYL XUEDEPI.
  1314 | D:2      | 1314 ||| READING scroll labelled RUPUFU GOVU.
  1315 | D:2      | 1315 ||| READING scroll labelled MIVAERERHA.
  1377 | D:3      | Reached XP level 5. HP: 32/32 MP: 5/5
  1404 | D:3      | 1404 ||| Stepping ~*~*~tactically~*~*~ (hiding).
  1419 | D:3      | HP: 3/32 [gnoll/+0 flail (8)]
  1420 | D:3      | 1420 ||| READING scroll of teleportation.
  1421 | D:3      | Slain by a gnoll

Levels and vault maps discovered:
D:1:      dpeg_arrival_houses_and_road, layout_basic, minmay_misc_feat_doors
D:2:      layout_rooms, basic_altar, kennysheep_small_spiral, st_stairs_13
D:3:      layout_rooms, lemuel_round_altar

Skill      XL: |  1  2  3  4 |
---------------+-------------+-----
Axes           | 2 3 4 |  4.8
Fighting       | |  3.2
Armour         | |  3.2
Shields        | |  3.2

Action                     |  1- 3 |  4- 6 || total
---------------------------+-------+-------++-------
  Melee: War axe           |    55 |    84 ||   139
  Throw: Boomerang         |       |    28 ||    28
    Use: Scroll            |     2 |     5 ||     7
 Armour: Scale mail        |    23 |    24 ||    47
         Chain mail        |       |    13 ||    13
  Dodge: Dodged            |    29 |    42 ||    71
  Block: Buckler           |    14 |    19 ||    33

Table legend:
 A = Non-vault XP
 B = Vault XP
 C = Vault XP percentage of total XP
 D = Non-vault monster count
 E = Vault monster count
 F = Vault count percentage of total count
                 A         B        C        D         E       F
            +---------+---------+-------+---------+---------+-------
      Total |     205 |       1 |   0.5 |      44 |       1 |   2.2
            +---------+---------+-------+---------+---------+-------
        D:1 |      35 |       0 |   0.0 |      17 |       0 |   0.0
        D:2 |     125 |       1 |   0.8 |      23 |       1 |   4.2
        D:3 |      45 |       0 |   0.0 |       4 |       0 |   0.0
            +---------+---------+-------+---------+---------+-------
